 Dungeon Crawl Stone Soup version 0.24.0-37-gcf1ca852f1 (webtiles) character file.

Game seed: 7385485159579517700, levelgen mode: deterministic

41099 Mrkan the Eye of the Storm (level 13, -1/133 HPs)
             Began as a Troll Monk on Nov 30, 2019.
             Was a Priest of Qazlal.
             Succumbed to a rakshasa's poison
             ... on level 1 of the Abyss.
             The game lasted 00:46:16 (16408 turns).

Mrkan the Eye of the Storm (Troll Monk)            Turns: 16408, Time: 00:46:17

Health: -1/133     AC:  8    Str: 22    XL:     13   Next: 78%
Magic:  22/22      EV: 14    Int: 10    God:    Qazlal [***...]
Gold:   1060       SH:  4    Dex: 12    Spells: 12/12 levels left

rFire    . . .     SeeInvis .     - Unarmed
rCold    . . .     Gourm    +   (no shield)
rNeg     . . .     Faith    .   a - +1 robe
rPois    +         Spirit   .   x - +1 hat
rElec    .         Reflect  .   k - scarf {repulsion}
rCorr    .         Harm     .   (gloves unavailable)
MR       .....                  (boots unavailable)
Stlth    +.........             f - amulet of rage (curse)
HPRegen  0.72/turn              M - +4 ring of evasion
MPRegen  0.18/turn              v - ring of poison resistance

@: lethally poisoned (-1 -> -10), repel missiles
A: large, unfitting armour, claws 3, fast metabolism 3, gourmand, regeneration
1, shaggy fur 1, tough skin 3
a: Upheaval, Elemental Force, Renounce Religion, Evoke Berserk Rage


You were on level 1 of the Abyss.
You worshipped Qazlal.
Qazlal was most pleased with you.
You were not hungry.

You visited 3 branches of the dungeon, and saw 18 of its levels.
You visited the Abyss 1 time.

You collected 1150 gold pieces.
You spent 90 gold pieces at shops.

Inventory:

Hand Weapons
 D - a +5 great mace of holy wrath
Missiles
 d - 5 curare-tipped darts (quivered)
 J - 3 large rocks
 K - 5 silver javelins
Armour
 a - a +1 robe (worn)
 k - a scarf of repulsion (worn)
 x - a +1 hat (worn)
 C - a +0 cloak of poison resistance
Jewellery
 e - an uncursed ring of flight
 f - a cursed amulet of rage (around neck)
 g - an uncursed amulet of the acrobat
 h - an uncursed ring of protection from fire
 v - a ring of poison resistance (right claw)
 y - a +4 amulet of reflection {unknown}
 F - an uncursed amulet of regeneration {unknown}
 M - a +4 ring of evasion (left claw)
 P - an uncursed ring of protection from cold
 R - an uncursed ring of resist corrosion
 Y - an uncursed ring of see invisible
Wands
 m - a wand of digging (4)
 H - a wand of disintegration (11)
 N - a wand of clouds (4)
 Z - a wand of iceblast (9)
Scrolls
 i - 3 scrolls of enchant armour
 s - 2 scrolls of magic mapping
 t - 7 scrolls of remove curse
 w - 2 scrolls of identify
 E - 2 scrolls of blinking
 G - 2 scrolls of enchant weapon
 U - 4 scrolls of teleportation
Potions
 c - 5 potions of magic
 j - 3 potions of flight
 l - 5 potions of heal wounds
 n - 3 potions of haste
 o - a potion of might
 p - 2 potions of cancellation
 q - 3 potions of curing
 r - 3 potions of brilliance
 u - a potion of mutation
 A - a potion of lignification
 O - a potion of resistance
 T - a potion of berserk rage {unknown}
Comestibles
 b - 35 rations


   Skills:
 * Level 10.2 Fighting
 - Level 2.4 Dodging
 - Level 1.0 Stealth
 - Level 14.0 Unarmed Combat
 - Level 14.1 Invocations


You had 12 spell levels left.
You didn't know any spells.
Your spell library contained the following spells:

 Spells                   Type           Power        Failure   Level  Hunger
 Confusing Touch          Hex            #.....       36%         1    ##.....
 Freeze                   Ice            #...         36%         1    ##.....
 Sting                    Conj/Pois      #...         36%         1    ##.....
 Passwall                 Tmut/Erth      #.......     50%         2    ###....
 Poisonous Vapours        Pois/Air       #.....       50%         2    ###....
 Swiftness                Chrm/Air       #.......     50%         2    ###....
 Throw Frost              Conj/Ice       #.....       50%         2    ###....
 Confuse                  Hex            #.......     75%         3    ####...
 Gell's Gravitas          Tloc           #.........   75%         3    ####...
 Mephitic Cloud           Conj/Pois/Air  #.......     75%         3    ####...
 Ozocubu's Armour         Chrm/Ice       #.......     75%         3    ####...
 Olgreb's Toxic Radiance  Pois           #.......     98%         4    #####..
 Passage of Golubria      Tloc           N/A          98%         4    #####..
 Petrify                  Tmut/Erth      #.......     98%         4    #####..
 Summon Ice Beast         Ice/Summ       #.......     98%         4    #####..
 Throw Icicle             Conj/Ice       #.......     98%         4    #####..
 Lee's Rapid Deconstruct  Erth           #.........   100%        5    ######.
 Metabolic Englaciation   Hex/Ice        #.........   100%        5    ######.
 Venom Bolt               Conj/Pois      #.........   100%        5    ######.
 Yara's Violent Unravell  Hex/Tmut       #.........   100%        5    ######.
 Darkness                 Hex            #.........   100%        6    #######
 Invisibility             Hex            #.......     100%        6    #######


Dungeon Overview and Level Annotations

Branches:
Dungeon (11/15)            Temple (0/1) D:6            Lair (6/6) D:11
 Shoals (0/4) Lair:3        Snake (0/4) Lair:3          Orc (1/2) D:11
  Slime: Lair:5-6

Altars:
Qazlal
Trog
Zin

Shops:
D:4 (   D:6 [   D:11 *

Annotations:
D:6 4 runed translucent doors
Lair:1 2 transporters
Orc:1 Erolcha


Innate Abilities, Weirdness & Mutations

You are too large for most types of armour.
You have claws for hands.
Your metabolism is lightning-fast.
You like to eat raw meat.
Your natural rate of healing is unusually fast.
You are covered in fur. (AC +1)
You have extremely tough skin. (AC +3)


Message History

You feel sick.
You scratch the rakshasa.
The rakshasa is severely wounded.
You feel sick.
You hear a hideous shriek!
The rakshasa hits you with a +2 trident of venom!
You are more poisoned.
The rakshasa hits you with a +2 trident of venom!!
* * * LOW HITPOINT WARNING * * *
The rakshasa barely misses you.
You feel sick.
The rakshasa hits you from afar with a +2 trident of venom!
* * * LOW HITPOINT WARNING * * *
The rakshasa blinks! x2
You feel sick. The rakshasa gestures at you. The orb of energy hits you!!
* * * LOW HITPOINT WARNING * * *
Unknown command.
You die...

#.###....# #
###...# #.#.
..# #..#.# ...#
#..###.
.#....§#.# # ##
# .#.#....## .
. .#. ##.##..
.# .## ... #..#
.#..)# ..## #
#.###.##...#
#.. . #.
#.#@......#..
#.
##.#.####...#
...
##.#.######..##
#..# #..§.#
#### #. #...R#
####.# ... ...
.....


There were no monsters in sight!

Vanquished Creatures
  Kirke (Lair:6)
  Harold (D:7)
  6 hydras
  3 two-headed ogres
  Erica (Orc:1)
  A spriggan (Lair:5)
  A cyclops (D:10)
  A manticore (D:11)
  2 black mambas
  6 elephants
  A merfolk siren (Lair:3)
  8 spiny frogs
  4 rime drakes
  7 komodo dragons
  A hornet (Lair:5)
  11 blink frogs
  6 hippogriffs
  A ynoxinul (Abyss:1)
  2 shadows (D:11)
  A human (D:7)
  A basilisk (Lair:4)
  6 hogs
  2 wyverns
  21 yaks
  A steam dragon (D:11)
  3 nagas (Lair:3)
  A warg (D:11)
  9 water moccasins
  An acid dragon (D:11)
  2 porcupines
  8 orc warriors
  3 eyes of draining (D:3)
  3 sky beasts
  2 black bears
  3 phantoms
  2 ice beasts
  4 ogres
  36 wolves
  3 centaurs
  14 crocodiles
  2 big kobolds
  15 bullfrogs
  A gnoll sergeant (D:11)
  2 scorpions (D:4)
  18 killer bees
  3 electric eels
  6 howler monkeys
  6 crimson imps
  2 bullfrog zombies
  2 centaur zombies (D:11)
  2 hounds
  2 quasits
  4 jellies
  A gnoll shaman (D:4)
  Crazy Yiuf (D:7)
  12 orc priests
  2 bullfrog skeletons
  4 centaur skeletons
  Jessica (D:3)
  2 iguanas
  Natasha (thrice) (D:3)
  18 orc wizards
  9 worker ants
  A killer bee zombie (D:9)
  A hound zombie (D:9)
  A worker ant zombie (D:5)
  Robin (D:2)
  12 gnolls
  14 adders
  3 shadow imps
  2 oozes
  6 worms
  2 dart slugs
  5 leopard geckos
  61 orcs
  A ball python (D:2)
  10 giant cockroaches
  20 goblins
  9 hobgoblins
  15 jackals
  20 kobolds
  5 quokkas
  4 bats
  3 frilled lizards (D:2)
  2 quokka zombies (D:6)
  9 rats
515 creatures vanquished.

Vanquished Creatures (collateral kills)
  A hydra (Lair:5)
  2 elephants (Lair:5)
  A spiny frog (Lair:5)
4 creatures vanquished.

Vanquished Creatures (others)
  6 fungi
  5 plants
11 creatures vanquished.

Grand Total: 530 creatures vanquished

Notes
Turn   | Place    | Note
-------+----------+-------------------------------------------
     0 | D:1      | Mrkan the Troll Monk began the quest for the Orb.
     0 | D:1      | Reached XP level 1. HP: 22/22 MP: 0/0
   133 | D:1      | Reached XP level 2. HP: 29/29 MP: 1/1
   357 | D:1      | Reached XP level 3. HP: 36/36 MP: 2/2
   922 | D:2      | Reached XP level 4. HP: 45/45 MP: 3/3
  1003 | D:2      | Noticed a water elemental
  1005 | D:2      | Found a stormy altar of Qazlal.
  1006 | D:2      | Noticed an earth elemental
  1006 | D:2      | Noticed a fire elemental
  1006 | D:2      | Noticed an air elemental
  1011 | D:2      | Became a worshipper of Qazlal Stormbringer
  1011 | D:2      | Reached * piety under Qazlal
  1011 | D:2      | Reached ** piety under Qazlal
  1293 | D:2      | Noticed Robin
  1297 | D:2      | Killed Robin
  1297 | D:2      | Reached skill level 5 in Unarmed Combat
  1299 | D:2      | Reached XP level 5. HP: 42/53 MP: 4/4
  1599 | D:3      | Noticed Natasha
  1606 | D:3      | Killed Natasha
  1704 | D:3      | Noticed Natasha
  1713 | D:3      | Killed Natasha
  1732 | D:3      | Noticed Natasha
  1735 | D:3      | Killed Natasha
  1735 | D:3      | Reached XP level 6. HP: 59/63 MP: 5/5
  1800 | D:3      | Reached *** piety under Qazlal
  2124 | D:3      | Noticed Jessica
  2128 | D:3      | Killed Jessica
  2128 | D:3      | Reached XP level 7. HP: 71/71 MP: 6/6
  2179 | D:3      | Found a bloodstained altar of Trog.
  2469 | D:4      | Reached **** piety under Qazlal
  2486 | D:4      | Reached skill level 5 in Fighting
  2493 | D:4      | Reached XP level 8. HP: 62/80 MP: 7/7
  2532 | D:4      | Found Dysaenti's Weapon Boutique.
  3322 | D:5      | Entered Level 5 of the Dungeon
  3582 | D:5      | Reached skill level 1 in Invocations
  4161 | D:6      | Found a staircase to the Ecumenical Temple.
  4267 | D:6      | Reached XP level 9. HP: 88/89 MP: 9/11
  4280 | D:6      | Found Elaokhluepn's Armour Emporium.
  4462 | D:6      | Reached skill level 5 in Invocations
  4513 | D:6      | Reached ***** piety under Qazlal
  4592 | D:6      | Found a large runed translucent door.
  4592 | D:6      | Found a large runed translucent door.
  4595 | D:6      | Found a large runed translucent door.
  4595 | D:6      | Found a large runed translucent door.
  4595 | D:6      | Noticed a troll
  4893 | D:7      | Noticed Harold
  4917 | D:7      | Killed Harold
  5165 | D:7      | Reached XP level 10. HP: 98/98 MP: 15/15
  5698 | D:7      | Found a runed translucent door.
  5700 | D:7      | Noticed Crazy Yiuf
  6046 | D:7      | Killed Crazy Yiuf
  6406 | D:8      | Noticed a two-headed ogre
  6421 | D:8      | Killed a two-headed ogre
  6454 | D:8      | Reached skill level 10 in Unarmed Combat
  7477 | D:10     | Entered Level 10 of the Dungeon
  7532 | D:10     | Noticed a two-headed ogre
  7540 | D:10     | Reached XP level 11. HP: 111/113 MP: 16/16
  7546 | D:10     | Killed a two-headed ogre
  7602 | D:10     | Reached ****** piety under Qazlal
  7869 | D:10     | Found a bloodstained altar of Trog.
  8177 | D:11     | Noticed a two-headed ogre
  8186 | D:11     | Noticed a four-headed hydra
  8487 | D:11     | Killed a two-headed ogre
  8495 | D:10     | Killed a four-headed hydra
  8765 | D:11     | Noticed a five-headed hydra
  8779 | D:10     | Killed a six-headed hydra
  8779 | D:10     | Reached skill level 10 in Invocations
  9287 | D:11     | Found a staircase to the Lair.
  9302 | Lair:1   | Entered Level 1 of the Lair of Beasts
  9302 | Lair:1   | Found a transporter.
  9551 | D:11     | Found Zoata's General Store.
  9554 | D:11     | Bought a potion of heal wounds for 90 gold pieces
  9772 | D:11     | Found a staircase to the Orcish Mines.
  9949 | Lair:1   | Reached XP level 12. HP: 40/124 MP: 18/18
 10219 | Lair:1   | Reached skill level 10 in Fighting
 10464 | Lair:1   | Found a transporter.
 10466 | Lair:1   | Found the +2 ratskin cloak {+Rats rPois rN+ Str-1 Int-1
                  | Dex+1}
 11009 | Lair:2   | Noticed a seven-headed hydra
 11020 | Lair:2   | Killed a seven-headed hydra
 11972 | Lair:3   | Found a staircase to the Snake Pit.
 12344 | Lair:3   | Found a staircase to the Shoals.
 13275 | Lair:4   | Noticed a seven-headed hydra
 13294 | Lair:4   | Killed an eight-headed hydra
 13716 | Lair:5   | Reached XP level 13. HP: 86/133 MP: 20/20
 13896 | Lair:5   | Identified a scroll of acquirement
 15043 | Lair:6   | Entered Level 6 of the Lair of Beasts
 15747 | Lair:6   | Found a glowing silver altar of Zin.
 15825 | Lair:6   | Noticed Kirke
 15835 | Lair:6   | Noticed a sphinx
 16065 | Lair:6   | Killed Kirke
 16256 | Orc:1    | Entered Level 1 of the Orcish Mines
 16274 | Orc:1    | Noticed Erica
 16280 | Orc:1    | Noticed Erolcha
 16293 | Orc:1    | Killed Erica
 16310 | Orc:1    | Cast into level 1 of the Abyss (Erolcha)
 16407 | Abyss:1  | HP: 1/133 [rakshasa/orb of energy (20)]
 16408 | Abyss:1  | Succumbed to a rakshasa's poison

Levels and vault maps discovered:
D:1:      dpeg_arrival_tiny_a, layout_loops_ring, minmay_worlds_worst_comb
D:2:      minmay_door_path, layout_basic, nicolae_qazlal_style_of_elements,
          uniq_robin
D:3:      layout_basic, trog_eyes_of_draining, first_ration,
          kennysheep_generic_room_3, uniq_natasha, uniq_jessica
D:4:      layout_basic, serial_shops, shop
D:5:      layout_basic
D:6:      kennysheep_spiral_hall, layout_gridville,
          minmay_temple_entry_mini_moons, serial_shops, nicolae_shop_stone,
          minmay_hollow_rounded_squares
D:7:      layout_loops_ring, grunt_livestock, uniq_harold,
          uniq_crazy_yiuf_cottage
D:8:      layout_cave_pools
D:9:      layout_loops_ring
D:10:     layout_loops_ring, minmay_misc_feat_cross, lemuel_tele_altar
D:11:     layout_basic, dpeg_oklobed_lair, david_orc_3, serial_shops,
          nicolae_shop_statue_plus
Lair:1:   gammafunk_cloud_chamber, layout_chaotic_city, serial_bayou_lake_a
Lair:2:   layout_chaotic_city
Lair:3:   layout_concentric_octagons, elwin_shoals_entry_rooms,
          minmay_snake_entry_guardpost_small
Lair:4:   layout_long_grid, grunt_megastairs_4
Lair:5:   layout_regular_city, grunt_forest_large_clearings
Lair:6:   due_jungle_book, layout_loops_ring, slime_dummy,
          nicolae_volcano_entry_batcave, basic_altar, uniq_kirke
Orc:1:    cheibrodos_orc_guarddog, layout_diamond_mine,
          gammafunk_ghost_necromancy, nicolae_orc_tapped_out, uniq_erica,
          uniq_fannar, uniq_erolcha, uniq_urug
Abyss:1:  base:
D:7

Skill      XL: |  1  2  3  4  5  6  7  8  9 10 11 12 13 |
---------------+----------------------------------------+-----
Unarmed Combat | 4 5 6 8 9 10 12 14 | 14.0
Fighting       | 3 4 5 6 8 9 10 | 10.2
Invocations    | 4 8 9 10 11 14 | 14.1
Dodging        | |  2.4
Stealth        | |  1.0

Action                   |  1- 3 |  4- 6 |  7- 9 | 10-12 | 13-15 || total
-------------------------+-------+-------+-------+-------+-------++-------
Melee: Unarmed           |    89 |   160 |   311 |   643 |   252 ||  1455
       Punch             |     2 |     2 |     7 |    24 |    12 ||    47
Invok: Upheaval          |       |       |       |     8 |    14 ||    22
       Disaster Area     |       |       |       |     3 |       ||     3
  Use: Scroll            |       |       |    14 |       |    12 ||    26
       Potion            |       |       |     1 |     2 |       ||     3
 Stab: Sleeping          |     1 |     1 |       |       |       ||     2
  Eat: Chunk             |    14 |    11 |    28 |    74 |    24 ||   151
Armor: Robe              |    30 |    33 |    81 |   199 |    62 ||   405
Dodge: Dodged            |    48 |    65 |   168 |   265 |   199 ||   745
       Deflected         |       |     3 |       |    13 |     1 ||    17
Block: Other             |       |    20 |    61 |   238 |    95 ||   414
